General information
- name: BNet
- type: Ladder team game (AT/RT)
- host: Battle.net
- saver: TIMG4STRok
map: RiverOfSouls
- players: 6
- length: 14:42
- speed: Fast
- version: 1.21 W3XP
- replay type:

» download(107 KB)
Players
team 1 (winner)
iggy_the_fisk (
orange | 109 APM | 1596 actions | 14:42)
2 Mountain King
1 Storm Bolt
1 Bash
3 Pit Lord
2 Rain of Fire
1 Cleaving Attack
2 Pandaren Brewmaster
1 Breath of Fire
1 Drunken Haze
» actions
| Assign group hotkey | 267 | |
| Basic commands | 1 | |
| Build / train | 81 | |
| Enter build submenu | 42 | |
| Enter hero's abilities submenu | 7 | |
| Give item / drop item | 1 | |
| Right click | 648 | |
| Select / deselect | 186 | |
| Select group hotkey | 267 | |
| Use ability | 96 | |
1596 total
» units
| Peasant | 21 | |
| Dragonhawk Rider | 4 | |
25 total
» upgrades
| Masonry | 3 | |
| Lumber Harvesting | 2 | |
5 total
» buildings
| Altar of Kings | 1 | |
| Farm | 5 | |
| Scout Tower | 28 | |
| Lumber Mill | 1 | |
| Arcane Tower | 2 | |
| Arcane Vault | 1 | |
| Guard Tower | 29 | |
| Keep | 3 | |
| Town Hall | 1 | |
| Castle | 3 | |
| Gryphon Aviary | 1 | |
| Barracks | 1 | |
| Blacksmith | 1 | |
| Arcane Sanctum | 1 | |
78 total
» build order
00:49 Altar of Kings
01:07 Farm
01:21 Scout Tower
01:44 Scout Tower
01:46 Lumber Mill
01:50 Arcane Tower
01:52 Farm
01:58 Arcane Vault
02:23 Arcane Tower
02:36 Scout Tower
02:52 Scout Tower
02:56 Scout Tower
03:04 Guard Tower
03:06 Scout Tower
03:19 Scout Tower
03:21 Guard Tower
03:32 Guard Tower
03:41 Guard Tower
03:41 Guard Tower
03:42 Guard Tower
03:42 Guard Tower
03:44 Scout Tower
03:55 Guard Tower
03:57 Scout Tower
04:13 Guard Tower
04:15 Scout Tower
04:20 Scout Tower
04:47 Keep
04:47 Keep
04:48 Keep
04:58 Guard Tower
04:59 Scout Tower
05:04 Guard Tower
05:05 Guard Tower
05:05 Guard Tower
06:16 Scout Tower
06:19 Scout Tower
06:21 Town Hall
06:27 Guard Tower
06:41 Farm
06:42 Farm
06:47 Guard Tower
06:53 Guard Tower
06:54 Scout Tower
07:28 Guard Tower
07:30 Scout Tower
07:46 Castle
07:47 Castle
08:24 Guard Tower
08:27 Scout Tower
08:27 Scout Tower
08:35 Scout Tower
09:02 Guard Tower
09:16 Guard Tower
09:21 Guard Tower
09:23 Scout Tower
09:52 Scout Tower
09:57 Gryphon Aviary
10:25 Guard Tower
10:29 Scout Tower
10:36 Guard Tower
11:00 Guard Tower
11:05 Scout Tower
11:41 Scout Tower
11:46 Guard Tower
11:47 Scout Tower
12:04 Barracks
12:05 Blacksmith
12:19 Guard Tower
12:29 Scout Tower
12:45 Scout Tower
13:46 Scout Tower
13:47 Guard Tower
13:49 Arcane Sanctum
13:51 Farm
» items
| Boots of Speed | 1 | |
| Staff of Teleportation | 1 | |
| Staff of Sanctuary | 1 | |
| Scroll of Town Portal | 1 | |
4 total

»
TIMG4STRok (
blue | 123 APM | 1804 actions | 14:42)
5 Death Knight
3 Death Coil
2 Unholy Aura
3 Lich
2 Frost Nova
1 Frost Armor
» actions
| Assign group hotkey | 14 | |
| Basic commands | 36 | |
| Build / train | 41 | |
| ESC pressed | 1 | |
| Enter build submenu | 9 | |
| Enter hero's abilities submenu | 8 | |
| Give item / drop item | 2 | |
| Right click | 908 | |
| Select / deselect | 136 | |
| Select group hotkey | 599 | |
| Use ability | 50 | |
1804 total
» units
| Acolyte | 3 | |
| Ghoul | 2 | |
| Crypt Fiend | 8 | |
| Obsidian Statue | 2 | |
15 total
» upgrades
| Creature Attack | 1 | |
| Web | 1 | |
| Burrow | 1 | |
3 total
» buildings
| Crypt | 1 | |
| Altar of Darkness | 1 | |
| Ziggurat | 4 | |
| Graveyard | 1 | |
| Tomb of Relics | 1 | |
| Halls of the Dead | 2 | |
| Slaughterhouse | 1 | |
| Black Citadel | 1 | |
12 total
» build order
00:05 Crypt
00:10 Altar of Darkness
00:27 Ziggurat
01:06 Graveyard
01:39 Ziggurat
02:35 Tomb of Relics
02:38 Ziggurat
05:21 Halls of the Dead
05:22 Halls of the Dead
06:55 Ziggurat
07:48 Slaughterhouse
10:50 Black Citadel
» items
| Staff of Teleportation | 1 | |
| Boots of Speed | 1 | |
| Scroll of Town Portal | 1 | |
| Scroll of Regeneration | 2 | |
| Lesser Clarity Potion | 2 | |
| Potion of Healing | 2 | |
| Sacrificial Skull | 1 | |
10 total
TowerPowerNerf (
teal | 121 APM | 1783 actions | 14:42)
3 Mountain King
2 Storm Bolt
1 Bash
» actions
| Assign group hotkey | 397 | |
| Basic commands | 2 | |
| Build / train | 62 | |
| Enter build submenu | 54 | |
| Enter hero's abilities submenu | 3 | |
| Remove unit from queue | 2 | |
| Right click | 747 | |
| Select / deselect | 150 | |
| Select group hotkey | 294 | |
| Use ability | 72 | |
1783 total
» units
| Peasant | 20 | |
| Dragonhawk Rider | 4 | |
24 total
» upgrades
| Masonry | 1 | |
| Lumber Harvesting | 1 | |
2 total
» buildings
| Altar of Kings | 1 | |
| Lumber Mill | 1 | |
| Farm | 9 | |
| Scout Tower | 27 | |
| Guard Tower | 20 | |
| Town Hall | 1 | |
| Arcane Tower | 2 | |
| Keep | 1 | |
| Arcane Vault | 3 | |
| Gryphon Aviary | 3 | |
| Castle | 1 | |
69 total
» build order
00:56 Altar of Kings
01:05 Lumber Mill
01:12 Farm
01:39 Scout Tower
02:07 Scout Tower
02:16 Farm
02:17 Guard Tower
02:21 Farm
02:35 Guard Tower
02:53 Town Hall
03:21 Scout Tower
03:41 Scout Tower
03:47 Scout Tower
04:06 Guard Tower
04:07 Scout Tower
04:11 Scout Tower
04:16 Scout Tower
04:22 Scout Tower
04:24 Guard Tower
04:39 Scout Tower
04:41 Guard Tower
04:47 Arcane Tower
04:48 Guard Tower
04:50 Scout Tower
05:23 Guard Tower
05:29 Arcane Tower
05:30 Scout Tower
05:35 Keep
05:39 Guard Tower
05:41 Arcane Vault
05:44 Scout Tower
05:46 Scout Tower
05:54 Arcane Vault
05:55 Arcane Vault
05:58 Guard Tower
06:00 Scout Tower
06:09 Scout Tower
06:10 Guard Tower
06:12 Scout Tower
06:34 Guard Tower
06:37 Guard Tower
06:45 Guard Tower
06:48 Scout Tower
06:51 Scout Tower
06:52 Scout Tower
07:02 Scout Tower
07:04 Scout Tower
07:05 Scout Tower
07:32 Guard Tower
07:33 Scout Tower
08:03 Guard Tower
08:07 Guard Tower
08:27 Guard Tower
08:29 Scout Tower
08:32 Scout Tower
08:33 Guard Tower
08:47 Farm
09:09 Guard Tower
10:03 Gryphon Aviary
10:05 Gryphon Aviary
10:10 Gryphon Aviary
10:19 Guard Tower
10:20 Scout Tower
10:37 Castle
11:59 Farm
12:01 Farm
12:04 Farm
12:07 Farm
12:09 Farm
» items
| Lesser Clarity Potion | 2 | |
| Scroll of Regeneration | 2 | |
| Mechanical Critter | 1 | |
5 total
team 2 (loser)
Dj-DoggyStyle (
pink | 48 APM | 698 actions | 14:30)
1 Demon Hunter
1 Mana Burn
» actions
| Basic commands | 92 | |
| Build / train | 31 | |
| Enter build submenu | 9 | |
| Enter hero's abilities submenu | 1 | |
| Right click | 302 | |
| Select / deselect | 237 | |
| Use ability | 26 | |
698 total
» units
| Wisp | 15 | |
| Glaive Thrower | 6 | |
| Huntress | 6 | |
27 total
» upgrades
» buildings
| Ancient of War | 1 | |
| Moon Well | 5 | |
| Altar of Elders | 1 | |
| Hunter's Hall | 1 | |
| Tree of Ages | 1 | |
9 total
» build order
00:11 Ancient of War
00:20 Moon Well
01:18 Altar of Elders
02:07 Hunter's Hall
02:55 Moon Well
05:45 Moon Well
08:07 Tree of Ages
10:05 Moon Well
11:05 Moon Well
Grunt. (
yellow | 68 APM | 992 actions | 14:41)
2 Mountain King
1 Storm Bolt
1 Bash
» actions
| Assign group hotkey | 26 | |
| Build / train | 43 | |
| Enter build submenu | 28 | |
| Enter hero's abilities submenu | 3 | |
| Remove unit from queue | 1 | |
| Right click | 534 | |
| Select / deselect | 265 | |
| Select group hotkey | 54 | |
| Use ability | 38 | |
992 total
» units
» upgrades
| Swords | 3 | |
| Plating | 3 | |
| Storm Hammers | 1 | |
| Armor | 2 | |
9 total
» buildings
| Farm | 14 | |
| Keep | 1 | |
| Altar of Kings | 1 | |
| Blacksmith | 3 | |
| Lumber Mill | 1 | |
| Scout Tower | 2 | |
| Castle | 1 | |
| Guard Tower | 2 | |
| Gryphon Aviary | 4 | |
29 total
» build order
00:07 Farm
00:53 Keep
00:59 Altar of Kings
01:17 Farm
01:42 Farm
01:52 Blacksmith
01:54 Blacksmith
01:59 Farm
02:17 Lumber Mill
02:29 Farm
02:52 Scout Tower
03:16 Castle
03:58 Guard Tower
04:09 Scout Tower
04:27 Blacksmith
04:37 Gryphon Aviary
04:41 Gryphon Aviary
05:00 Gryphon Aviary
05:02 Guard Tower
05:14 Gryphon Aviary
06:47 Farm
07:31 Farm
07:44 Farm
08:36 Farm
08:40 Farm
09:20 Farm
09:22 Farm
10:00 Farm
10:02 Farm
Lihan. (
red | 58 APM | 842 actions | 14:35)
1 Pandaren Brewmaster
1 Breath of Fire
» actions
| Assign group hotkey | 10 | |
| Basic commands | 2 | |
| Build / train | 39 | |
| ESC pressed | 2 | |
| Enter build submenu | 14 | |
| Enter hero's abilities submenu | 1 | |
| Right click | 462 | |
| Select / deselect | 234 | |
| Select group hotkey | 44 | |
| Use ability | 34 | |
842 total
» units
| Wisp | 19 | |
| Huntress | 6 | |
| Glaive Thrower | 12 | |
37 total
» buildings
| Moon Well | 6 | |
| Altar of Elders | 1 | |
| Ancient of War | 2 | |
| Hunter's Hall | 1 | |
10 total
» build order
00:05 Moon Well
00:09 Moon Well
01:01 Altar of Elders
01:34 Ancient of War
02:02 Moon Well
02:58 Hunter's Hall
03:29 Ancient of War
03:31 Moon Well
06:39 Moon Well
06:42 Moon Well
Chat log
(00:31 / All) TIMG4STRok: gl hf
(12:33 / All) iggy_the_fisk: u pretty noob
(12:34 / All) iggy_the_fisk: U kids?
(13:40 / All) iggy_the_fisk: damn u noob